HSSL
BROKEN ARROW HS @ H.H. DOW HS CHARGERS
05/06/2028
 
TOP OF THE 1ST
Broken Arrow HS batting - Pitching for H.H. Dow HS Chargers : LHP Esteban Quintana
Pitching: LHP Esteban Quintana
Batting: RHB Ramón Santos 0-0: SINGLE (Line Drive, 9S)
Batting: RHB Donnie Bryan 0-0: Foul Ball, location: 2F
0-1: SINGLE (Groundball, 5D)
Ramón Santos to second
Batting: RHB Jon Bush 0-0: Foul Ball, location: 2F
0-1: Ball
1-1: Fly out, F9 (Flyball, 89M)
Runner from 2nd tags up, SAFE at 3rd with throw
Batting: RHB Chris Lancaster 0-0: Ball
1-0: Swinging Strike
1-1: Fly out, F9 (Flyball, 9)
Runner from 3rd tags up, SCORES, no throw
Batting: RHB David Adams 0-0: Called Strike
0-1: Foul Ball, location: 2F
0-2: SINGLE (Groundball, 3S) (infield hit)
Donnie Bryan to second
Batting: RHB James Thompson 0-0: Ball
1-0: Ground out 1-3 (Groundball, 15S)
Top of the 1st over - 1 run(s), 3 hit(s), 0 error(s), 2 left on base; Broken Arrow HS 1 - H.H. Dow HS 0
BOTTOM OF THE 1ST
H.H. Dow HS Chargers batting - Pitching for Broken Arrow HS : RHP Elvin Pierce
Pitching: RHP Elvin Pierce
Batting: RHB Mario Ramírez 0-0: SINGLE (Flyball, 8LS)
Batting: LHB Bob Coztana 0-0: Called Strike
Mario Ramírez steals 2nd base
0-1: Foul Ball, location: 2F
0-2: Ball
1-2: Ball
2-2: Strikes out swinging
Batting: RHB Melvin Matthews 0-0: Ball
1-0: Ball
Mario Ramírez steals 3rd base
2-0: Ball
3-0: Called Strike
3-1: Foul Ball, location: 2F
3-2: Foul Ball, location: 2F
3-2: Ground out 5-3 (Groundball, 56S)
Mario Ramírez scores
Batting: RHB Lee Kestle 0-0: Ball
1-0: Swinging Strike
1-1: Foul Ball, location: 2F
1-2: DOUBLE (Line Drive, 8RD)
Batting: SHB Bob Erwin 0-0: Ball
1-0: Foul Ball, location: 2F
1-1: Ball
2-1: DOUBLE (Line Drive, 89D)
Lee Kestle scores
Batting: RHB Roberto Ramírez 0-0: Called Strike
0-1: Swinging Strike
0-2: Ball
1-2: Ball
2-2: Fly out, F9 (Flyball, 9S)
Bottom of the 1st over - 2 run(s), 3 hit(s), 0 error(s), 1 left on base; Broken Arrow HS 1 - H.H. Dow HS 2
TOP OF THE 2ND
Broken Arrow HS batting - Pitching for H.H. Dow HS Chargers : LHP Esteban Quintana
Batting: LHB Jesús Zamora 0-0: Ball
1-0: Foul Ball, location: 2F
1-1: Ball
2-1: Foul Ball, location: 2F
2-2: Foul Ball, location: 2F
2-2: Strikes out swinging
Batting: RHB R.J. Tucker 0-0: Fly out, F8 (Line Drive, 8RD)
Batting: LHB Dennis Montgomery 0-0: Ground out 4-3 (Groundball, 34D)
Top of the 2nd over - 0 run(s), 0 hit(s), 0 error(s), 0 left on base; Broken Arrow HS 1 - H.H. Dow HS 2
BOTTOM OF THE 2ND
H.H. Dow HS Chargers batting - Pitching for Broken Arrow HS : RHP Elvin Pierce
Batting: LHB Foster Clark 0-0: Swinging Strike
0-1: Ball
1-1: Swinging Strike
1-2: Ball
2-2: Ball
3-2: Foul Ball, location: 2F
3-2: Ground out 4-3 (Groundball, 34)
Batting: RHB John Hughes 0-0: Ball
1-0: Ball
2-0: Swinging Strike
2-1: Ball
3-1: Called Strike
3-2: Strikes out looking
Batting: RHB Pat Turner 0-0: SINGLE (Groundball, 5D)
Batting: RHB Mario Ramírez 0-0: Called Strike
Pat Turner steals 2nd base
0-1: Ball
1-1: Ball
2-1: Fly out, F8 (Flyball, 8RM)
Bottom of the 2nd over - 0 run(s), 1 hit(s), 0 error(s), 1 left on base; Broken Arrow HS 1 - H.H. Dow HS 2
TOP OF THE 3RD
Broken Arrow HS batting - Pitching for H.H. Dow HS Chargers : LHP Esteban Quintana
Batting: RHB Ramón Santos 0-0: Foul Ball, location: 2F
0-1: Fly out, F7 (Flyball, 7)
Batting: RHB Donnie Bryan 0-0: Foul Ball, location: 2F
0-1: Called Strike
0-2: Ball
1-2: Ball
2-2: Ball
3-2: Fly out, F3 (Popup, 3L)
Batting: RHB Jon Bush 0-0: Called Strike
0-1: Ball
1-1: Ball
2-1: Foul Ball, location: 2F
2-2: Ball
3-2: Ground out 6-3 (Groundball, 6)
Top of the 3rd over - 0 run(s), 0 hit(s), 0 error(s), 0 left on base; Broken Arrow HS 1 - H.H. Dow HS 2
BOTTOM OF THE 3RD
H.H. Dow HS Chargers batting - Pitching for Broken Arrow HS : RHP Elvin Pierce
Batting: LHB Bob Coztana 0-0: Ball
1-0: Ground out 3-1 (Groundball, 34S)
Batting: RHB Melvin Matthews 0-0: Foul Ball, location: 2F
0-1: Foul Ball, location: 2F
0-2: Ball
1-2: Ball
2-2: SINGLE (Line Drive, 78S)
Batting: RHB Lee Kestle 0-0: Called Strike
0-1: Foul Ball, location: 2F
0-2: Foul Ball, location: 2F
0-2: Fly out, F5 (Line Drive, 5)
Batting: SHB Bob Erwin 0-0: Foul Ball, location: 2F
0-1: DOUBLE (Flyball, 89XD)
Melvin Matthews to third
Batting: RHB Roberto Ramírez 0-0: SINGLE (Groundball, 3D)
Melvin Matthews scores
Bob Erwin to third
Runner from 3rd tries for Home, SAFE, no throw
Batting: LHB Foster Clark 0-0: Ball
1-0: Called Strike
1-1: Foul Ball, location: 2F
1-2: Ball
2-2: Ball
3-2: Base on Balls
Roberto Ramírez to second
Batting: RHB John Hughes 0-0: Foul Ball, location: 2F
0-1: Ball
1-1: Ball
2-1: Foul Ball, location: 2F
2-2: Ball
3-2: Base on Balls
Roberto Ramírez to third
Foster Clark to second
Batting: RHB Pat Turner 0-0: Called Strike
0-1: GRAND SLAM HOME RUN (Flyball, 78XD), Distance : 426 ft
Pitching: RHP Donnie Davenport
Batting: RHB Mario Ramírez 0-0: Called Strike
0-1: Ball
1-1: Swinging Strike
1-2: Ball
2-2: Strikes out swinging
Bottom of the 3rd over - 6 run(s), 4 hit(s), 0 error(s), 0 left on base; Broken Arrow HS 1 - H.H. Dow HS 8
TOP OF THE 4TH
Broken Arrow HS batting - Pitching for H.H. Dow HS Chargers : LHP Esteban Quintana
Batting: RHB Chris Lancaster 0-0: Called Strike
0-1: Ball
1-1: Swinging Strike
1-2: Foul Ball, location: 2F
1-2: Strikes out swinging
Batting: RHB David Adams 0-0: Fly out, F9 (Flyball, 9D)
Batting: RHB James Thompson 0-0: Called Strike
0-1: Ball
1-1: Foul Ball, location: 2F
1-2: Foul Ball, location: 2F
1-2: Ball
2-2: Strikes out swinging
Top of the 4th over - 0 run(s), 0 hit(s), 0 error(s), 0 left on base; Broken Arrow HS 1 - H.H. Dow HS 8
BOTTOM OF THE 4TH
H.H. Dow HS Chargers batting - Pitching for Broken Arrow HS : RHP Donnie Davenport
Batting: LHB Bob Coztana 0-0: Foul Ball, location: 2F
0-1: Ball
1-1: Swinging Strike
1-2: Ball
2-2: Ball
3-2: Strikes out swinging
Batting: RHB Melvin Matthews 0-0: Called Strike
0-1: Swinging Strike
0-2: Ball
1-2: Strikes out looking
Batting: RHB Lee Kestle 0-0: Foul Ball, location: 2F
0-1: Ball
1-1: Ball
2-1: Ball
3-1: Base on Balls
Batting: SHB Bob Erwin 0-0: Ball
1-0: Ball
Wild Pitch!
Lee Kestle to second
2-0: Fly out, F6 (Line Drive, 6)
Bottom of the 4th over - 0 run(s), 0 hit(s), 0 error(s), 1 left on base; Broken Arrow HS 1 - H.H. Dow HS 8
TOP OF THE 5TH
Broken Arrow HS batting - Pitching for H.H. Dow HS Chargers : LHP Esteban Quintana
Batting: LHB Jesús Zamora 0-0: Ball
1-0: Called Strike
1-1: Foul Ball, location: 2F
1-2: Ball
2-2: Ball
3-2: Base on Balls
Batting: RHB R.J. Tucker 0-0: Foul Ball, location: 2F
0-1: Swinging Strike
0-2: Ball
1-2: TRIPLE (Flyball, 78XD)
Jesús Zamora scores
Batting: LHB Dennis Montgomery 0-0: Foul Ball, location: 2F
0-1: Ball
1-1: Ground out 1-3 (Groundball, 13S)
Batting: RHB Ramón Santos 0-0: Ball
1-0: Swinging Strike
1-1: Swinging Strike
1-2: Ball
2-2: Ball
3-2: Strikes out looking
Batting: RHB Donnie Bryan 0-0: Ball
1-0: Ball
2-0: Called Strike
2-1: Ball
3-1: Ground out 6-3 (Groundball, 6S)
Top of the 5th over - 1 run(s), 1 hit(s), 0 error(s), 1 left on base; Broken Arrow HS 2 - H.H. Dow HS 8
BOTTOM OF THE 5TH
H.H. Dow HS Chargers batting - Pitching for Broken Arrow HS : RHP Donnie Davenport
Batting: RHB Roberto Ramírez 0-0: Swinging Strike
0-1: Called Strike
0-2: Foul Ball, location: 2F
0-2: Strikes out looking
Batting: LHB Foster Clark 0-0: Ball
1-0: Ball
2-0: Called Strike
2-1: SOLO HOME RUN (Flyball, 89XD), Distance : 409 ft
Batting: RHB John Hughes 0-0: Ball
1-0: Fly out, F9 (Flyball, 9)
Batting: RHB Pat Turner 0-0: Called Strike
0-1: Ball
1-1: Foul Ball, location: 2F
1-2: Strikes out looking
Bottom of the 5th over - 1 run(s), 1 hit(s), 0 error(s), 0 left on base; Broken Arrow HS 2 - H.H. Dow HS 9
TOP OF THE 6TH
Broken Arrow HS batting - Pitching for H.H. Dow HS Chargers : LHP Esteban Quintana
Batting: RHB Jon Bush 0-0: Ball
1-0: Ground out 3-1 (Groundball, 34)
Batting: RHB Chris Lancaster 0-0: Ball
1-0: Ball
2-0: Swinging Strike
2-1: Foul Ball, location: 2F
2-2: Ball
3-2: Strikes out looking
Batting: RHB David Adams 0-0: Ball
1-0: Ball
2-0: Called Strike
2-1: SINGLE (Groundball, 4D)
Pitching: RHP Vince Chappell
Batting: RHB James Thompson 0-0: Called Strike
0-1: Ball
1-1: Foul Ball, location: 2F
1-2: Foul Ball, location: 2F
1-2: Ball
2-2: Strikes out looking
Top of the 6th over - 0 run(s), 1 hit(s), 0 error(s), 1 left on base; Broken Arrow HS 2 - H.H. Dow HS 9
BOTTOM OF THE 6TH
H.H. Dow HS Chargers batting - Pitching for Broken Arrow HS : RHP Donnie Davenport
Batting: RHB Mario Ramírez 0-0: Called Strike
0-1: Foul Ball, location: 2F
0-2: Foul Ball, location: 2F
0-2: Ball
1-2: Strikes out looking
Batting: LHB Bob Coztana 0-0: Called Strike
0-1: Ground out 1-3 (Groundball, 15)
Batting: RHB Melvin Matthews 0-0: Called Strike
0-1: Swinging Strike
0-2: Foul Ball, location: 2F
0-2: Ball
1-2: Foul Ball, location: 2F
1-2: Strikes out looking
Bottom of the 6th over - 0 run(s), 0 hit(s), 0 error(s), 0 left on base; Broken Arrow HS 2 - H.H. Dow HS 9
TOP OF THE 7TH
Broken Arrow HS batting - Pitching for H.H. Dow HS Chargers : RHP Vince Chappell
Batting: LHB Jesús Zamora 0-0: Swinging Strike
0-1: Ball
1-1: Hit by Pitch
Batting: RHB R.J. Tucker 0-0: Foul Ball, location: 2F
0-1: Foul Ball, location: 2F
0-2: Ball
1-2: Reached on error, E3 (Groundball, 34)
Jesús Zamora to second
Batting: LHB Dennis Montgomery 0-0: Ball
1-0: SINGLE (Line Drive, 9S)
Jesús Zamora to third
R.J. Tucker to second
Batting: RHB Ramón Santos 0-0: Foul Ball, location: 2F
0-1: Foul Ball, location: 2F
0-2: Foul Ball, location: 2F
0-2: Strikes out looking
Batting: RHB Donnie Bryan 0-0: Ball
1-0: Foul Ball, location: 2F
1-1: Ball
2-1: Ball
3-1: Called Strike
3-2: Foul Ball, location: 2F
3-2: Base on Balls
Jesús Zamora scores
R.J. Tucker to third
Dennis Montgomery to second
Batting: RHB Jon Bush 0-0: Called Strike
0-1: Swinging Strike
0-2: Ball
1-2: Ball
2-2: Strikes out swinging
Batting: RHB Chris Lancaster 0-0: Called Strike
0-1: Called Strike
0-2: Ball
1-2: Strikes out swinging
Top of the 7th over - 1 run(s), 1 hit(s), 1 error(s), 3 left on base; Broken Arrow HS 3 - H.H. Dow HS 9
BOTTOM OF THE 7TH
H.H. Dow HS Chargers batting - Pitching for Broken Arrow HS : RHP Donnie Davenport
Batting: RHB Lee Kestle 0-0: Ball
1-0: Called Strike
1-1: Ball
2-1: Foul Ball, location: 2F
2-2: Strikes out swinging
Pitching: RHP Gong-sun Wan
Batting: SHB Bob Erwin 0-0: Ball
1-0: Ball
2-0: Ball
3-0: Called Strike
3-1: Base on Balls
Batting: RHB Roberto Ramírez 0-0: Called Strike
Bob Erwin steals 2nd base
0-1: Called Strike
0-2: Ball
1-2: Foul Ball, location: 2F
1-2: Ball
2-2: Ball
3-2: Foul Ball, location: 2F
3-2: Foul Ball, location: 2F
3-2: Foul Ball, location: 2F
3-2: Base on Balls
Batting: LHB Foster Clark 0-0: Ball
1-0: Called Strike
1-1: Foul Ball, location: 2F
1-2: Ball
2-2: Ball
3-2: Base on Balls
Bob Erwin to third
Roberto Ramírez to second
Batting: RHB John Hughes 0-0: Ball
1-0: Called Strike
1-1: Fly out, F4 (Popup, 34D)
Batting: RHB Pat Turner 0-0: Ground out 5-3 (Groundball, 56)
Bottom of the 7th over - 0 run(s), 0 hit(s), 0 error(s), 3 left on base; Broken Arrow HS 3 - H.H. Dow HS 9
TOP OF THE 8TH
Broken Arrow HS batting - Pitching for H.H. Dow HS Chargers : RHP Vince Chappell
Now in LF: Roy Lovell
Batting: RHB David Adams 0-0: Called Strike
0-1: Ball
1-1: Swinging Strike
1-2: Strikes out swinging
Batting: RHB James Thompson 0-0: Called Strike
0-1: Ball
1-1: Ball
2-1: Ball
3-1: Foul Ball, location: 2F
3-2: Fly out, F8 (Flyball, 8RS)
Batting: LHB Jesús Zamora 0-0: Foul Ball, location: 2F
0-1: Ball
1-1: Swinging Strike
1-2: Foul Ball, location: 2F
1-2: Foul Ball, location: 2F
1-2: Strikes out swinging
Top of the 8th over - 0 run(s), 0 hit(s), 0 error(s), 0 left on base; Broken Arrow HS 3 - H.H. Dow HS 9
BOTTOM OF THE 8TH
H.H. Dow HS Chargers batting - Pitching for Broken Arrow HS : RHP Gong-sun Wan
Batting: RHB Mario Ramírez 0-0: Called Strike
0-1: Ball
1-1: Ground out 4-3 (Groundball, 4)
Batting: LHB Bob Coztana 0-0: Called Strike
0-1: Swinging Strike
0-2: Ball
1-2: Strikes out swinging
Batting: RHB Melvin Matthews 0-0: Foul Ball, location: 2F
0-1: Swinging Strike
0-2: Ball
1-2: Strikes out swinging, 2-3 out at first.
Bottom of the 8th over - 0 run(s), 0 hit(s), 0 error(s), 0 left on base; Broken Arrow HS 3 - H.H. Dow HS 9
TOP OF THE 9TH
Broken Arrow HS batting - Pitching for H.H. Dow HS Chargers : RHP Vince Chappell
Pitching: RHP John Hopper
Batting: RHB R.J. Tucker 0-0: Called Strike
0-1: Ground out 5-3 (Groundball, 56)
Batting: LHB Dennis Montgomery 0-0: Called Strike
0-1: Foul Ball, location: 2F
0-2: Ball
1-2: Fly out, F2 (Popup, 23)
Batting: RHB Ramón Santos Error on foul ball, E2
0-1: Ball
1-1: Swinging Strike
1-2: Ball
2-2: Strikes out looking
Top of the 9th over - 0 run(s), 0 hit(s), 1 error(s), 0 left on base; Broken Arrow HS 3 - H.H. Dow HS 9
Tuesday, August 8th, 2017 - OOTP Baseball 17.12 Build 75